 Dungeon Crawl Stone Soup version 0.31-a0-217-g58bb5d79cf (webtiles) character file.

Game seed: 17874600516195854114

15479 puppykicker the Geomancer (level 12, -4/69 HPs)
             Began as a Gargoyle Earth Elementalist on July 3, 2023.
             Was an Elder of Vehumet.
             Slain by a skeletal warrior
             ... wielding a +0 glaive
              (14 damage)
             ... on level 11 of the Dungeon.
             The game lasted 00:43:59 (14187 turns).

puppykicker the Geomancer (GrEE)                   Turns: 14187, Time: 00:44:00

Health: -4/69      AC: 19    Str: 21    XL:     12   Next: 27%
Magic:  2/19       EV: 10    Int: 18    God:    Vehumet [****..]
Gold:   228        SH:  8    Dex: 10    Spells: 12/21 levels left

rFire   . . .        a - +3 whip (elec)
rCold   . . .        j - +0 kite shield
rNeg    + . .        Q - +0 troll leather armour {regen}
rPois   ∞            y - +0 helmet
rElec   +            L - +0 cloak
rCorr   .            (no gloves)
SInv    .            K - +2 pair of boots {rampage}
Will    .....        R - amulet of regeneration
Stlth   ++           o - +6 ring of strength
HPRegen 1.91/turn    W - ring of wizardry {Wiz+}
MPRegen 0.16/turn

%: rampage, wizardry (x1)
@: no status effects
A: sickness immunity, AC +8, negative energy resistance 1, electricity
resistance, torment resistance 1, petrification resistance
a: Renounce Religion


You were on level 11 of the Dungeon.
You worshipped Vehumet.
Vehumet was greatly pleased with you.
You visited 2 branches of the dungeon, and saw 12 of its levels.

You collected 488 gold pieces.
You spent 260 gold pieces at shops.

Inventory:

Hand Weapons
 a - a +3 whip of electrocution (weapon)
 b - a +1 morningstar of flaming
 w - a +0 flail of venom
Missiles
 v - 5 curare-tipped darts
 M - 3 throwing nets
Armour
 j - a +0 kite shield (worn)
 y - a +0 helmet (worn)
 K - a +2 pair of boots of rampaging (worn)
 L - a +0 cloak (worn)
 Q - a +0 troll leather armour (worn) {regen}
Magical Staves
 A - a staff of death {rN+}
Jewellery
 i - a ring of ice {rC+, rF-}
 o - a +6 ring of strength (left hand)
 x - a ring of flight
 G - the amulet of Elemental Vulnerability {rPois rF-- rC-- AC+8}
   (You found it on level 5 of the Dungeon)

   [amulet of nothing]

   AC:        It affects your AC (+8).
   rF:        It makes you very vulnerable to fire.
   rC:        It makes you very vulnerable to cold.
   rPois:     It protects you from poison.
 R - an amulet of regeneration (around neck)
 W - a ring of wizardry (right hand) {Wiz+}
Wands
 d - a wand of light (5)
 z - a wand of polymorph (2)
 D - a wand of digging (6)
 H - a wand of paralysis (4)
 J - a wand of mindburst (3)
 O - a wand of roots (12)
Scrolls
 e - 4 scrolls of fear
 f - a scroll of enchant weapon
 g - 3 scrolls of poison
 n - a scroll of brand weapon
 r - 2 scrolls of silence
 s - a scroll of vulnerability {!r!r}
 t - 2 scrolls of teleportation
 B - 2 scrolls of blinking {!r}
 N - a scroll of enchant armour
Potions
 h - 4 potions of heal wounds
 k - 2 potions of cancellation {unknown}
 l - 4 potions of enlightenment
 m - a potion of magic
 p - a potion of ambrosia {unknown}
 q - 5 potions of curing
 u - 2 potions of might
 C - a potion of attraction {!q}
 E - 2 potions of mutation {!q}
 F - a potion of brilliance
 S - a potion of haste {unknown}
Miscellaneous
 c - a tin of tremorstones (2/2)


   Skills:
 + Level 5.8 Fighting
 * Level 4.5 Maces & Flails
 + Level 5.6 Armour
 - Level 2.0 Dodging
 - Level 3.0 Stealth
 + Level 4.7 Shields
 - Level 5.0 Spellcasting
 + Level 10.5 Conjurations
 - Level 7.0 Necromancy
 - Level 1.0 Transmutations
 + Level 12.1 Earth Magic


You had 12 spell levels left.
You knew the following spells:

 Your Spells              Type           Power      Damage    Failure   Level
a - Sandblast             Erth           96%        2d20      1%          1
c - Stone Arrow           Conj/Erth      90%        3d12      1%          3
v - Vampiric Draining     Necr           29%        2d8       2%          3
w - Passwall              Tmut/Erth      23%        N/A       1%          2

Your spell library contained the following spells:

 Spells                   Type           Power      Damage    Failure   Level
 Airstrike                Air            2%         2d(1-17)  32%         4
 Magic Dart               Conj           100%       1d8       1%          1
 Searing Ray              Conj           84%        2d7       1%          2
 Dazzling Flash           Conj/Hex       46%        N/A       1%          3
 Fulminant Prism          Conj/Hex       11%        3d8       4%          4
 Iskenderun's Mystic Bla  Conj/Tloc      23%        2d6       4%          4
 Petrify                  Tmut/Erth      28%        N/A       9%          4
 Volatile Blastmotes      Fire/Tloc      8%         2d10      12%         3
 Leda's Liquefaction      Hex/Erth       13%        N/A       12%         4
 Slow                     Hex            16%        N/A       14%         1
 Call Canine Familiar     Summ           4%         N/A       38%         3
 Confusing Touch          Hex            4%         N/A       38%         3
 Portal Projectile        Hex/Tloc       8%         N/A       38%         3
 Starburst                Conj/Fire      11%        6d5       47%         6
 Manifold Assault         Tloc           4%         N/A       77%         4
 Dispersal                Tloc           2%         N/A       100%        6
 Disjunction              Tloc           2%         N/A       100%        8


Dungeon Overview and Level Annotations

Branches:
Dungeon (11/15)            Temple (1/1) D:5            Lair (0/5) D:8
    Orc (0/2) D:10

Altars:
Dithmenos
Elyvilon
Fedhas
Gozag
Kikubaaqudgha
Okawaru
Qazlal
Ru
Trog
Uskayaw
Vehumet
Xom
Zin
The Shining One
Jiyva

Shops:
D:3 [   D:4 =   D:8 (

Portals:
Trove: D:10 (give 16 potions of curing)

Annotations:
D:8 3 runed translucent doors, TittyCrusher's ghost, novice OpCj


Innate Abilities, Weirdness & Mutations

You are immune to sickness and miasma.
Your stone body is resilient. (AC +8)
You are immune to poison.
You resist negative energy. (rN+)
You are resistant to electric shocks. (rElec)
You are resistant to unholy torment.
You are immune to petrification.


Message History

You regained 2 hp, and now have 31/69 hp.
You regained 2 hp, and now have 33/69 hp.
You regained 2 hp, and now have 36/69 hp.
You regained 2 hp, and now have 38/69 hp.
You regained 2 hp, and now have 40/69 hp.
You regained 2 hp, and now have 42/69 hp.
You regained 2 hp, and now have 44/69 hp.
You regained 2 hp, and now have 46/69 hp.
Casting: Stone Arrow (safe; 1% risk of failure)
Aiming: Stone Arrow (safe; 1% risk of failure)
Press: ? - help, Shift-Dir - straight line, f/p - skeletal warrior
Aim: a skeletal warrior, wielding a +0 glaive (heavily damaged, 76% to hit)
The stone arrow hits the skeletal warrior!!
* * * LOW MAGIC WARNING * * *
The skeletal warrior hits you from afar with a +0 glaive.
You take 2 damage, and have 44/69 hp.
You now have 1/19 mp.
You rampage towards the skeletal warrior!
You hit the skeletal warrior.
The skeletal warrior hits you with a +0 glaive!!
* * * LOW HITPOINT WARNING * * *
You take 16 damage, and have 28/69 hp.
MASSIVE DAMAGE!!
You closely miss the skeletal warrior.
The skeletal warrior hits you but does no damage.
You regained 2 hp, and now have 30/69 hp.
You closely miss the skeletal warrior.
The skeletal warrior hits you with a +0 glaive.
* * * LOW HITPOINT WARNING * * *
You take 1 damage, and have 29/69 hp.
You hit the skeletal warrior but do no damage.
The skeletal warrior hits you with a +0 glaive.
* * * LOW HITPOINT WARNING * * *
You hit the skeletal warrior but do no damage.
The skeletal warrior hits you but does no damage.
You regained 2 hp, and now have 31/69 hp.
The skeletal warrior attacks as you move away!
The skeletal warrior hits you with a +0 glaive!!
* * * LOW HITPOINT WARNING * * *
The skeletal warrior hits you from afar with a +0 glaive!
You die...

#.....#
#.....#
#.....# .
#.....###...
#.........#
#.....#####
#...z.#
####.## #@##
#..#
#####'####
#........#
#........#
#........+
#........#
#........#
#........#


You could see a skeletal warrior.

Levels and vault maps discovered:
D:1:      minmay_arrival_up_and_down, layout_rooms, minmay_close_crescents
D:2:      layout_loops_ring, st_stairs_8
D:3:      cheibrodos_fertilizer, layout_loops_corners, serial_shops,
          nicolae_shop_waterfront
D:4:      layout_basic, serial_shops, shop, moated_statue, chequers_garden,
          uniq_duvessa, uniq_robin, uniq_sigmund
D:5:      layout_loops_corners, lemuel_tele_altar,
          minmay_temple_entry_butterflies, uniq_edmund
D:6:      layout_layer_cave, elyvilon_altar_1, uniq_crazy_yiuf_cottage,
          uniq_blork_the_orc
D:7:      nzn_winding_woodlands_stair_cross [nzn_winding_woodlands_5x15_pool,
          nzn_winding_woodlands_center_lodge, nzn_winding_woodlands_5x15_twine,
          nzn_winding_woodlands_5x5_three,
          nzn_winding_woodlands_5x5_closed_star,
          nzn_winding_woodlands_5x15_crooked,
          nzn_winding_woodlands_center_diamonds,
          nzn_winding_woodlands_5x15_cabin], layout_basic, minitemple
D:8:      layout_layer_cave, grunt_temple_overflow_forces_of_nature,
          lair_entry_dummy, gammafunk_ghost_ooze, doesnt_shop_hydraphobe,
          uniq_psyche, uniq_grum
D:9:      layout_basic, dreamdust_princess_corridor,
          chequers_serial_rivers_micro_b, st_stairs_12, uniq_maggie, uniq_harold
D:10:     layout_layer_cave, mainiacjoe_overflow_brackets, zombieorc2_lemuel,
          nicolae_trove_entry_crossroad
D:11:     layout_roguey
Temple:   nicolae_temple_superstar

Notes
Turn   | Place    | Note
-------+----------+-------------------------------------------
     0 | D:1      | puppykicker the Gargoyle Earth Elementalist began the quest
                  | for the Orb.
     0 | D:1      | Reached XP level 1. HP: 10/10 MP: 3/3
     3 | D:1      | Identified a +0 dagger
     6 | D:1      | Identified a +0 short sword
    67 | D:1      | Identified a +0 pair of boots
    70 | D:1      | Identified a +0 mace
    99 | D:1      | Reached skill level 1 in Transmutations
   116 | D:1      | Identified a +0 dagger
   116 | D:1      | Identified a +0 dagger
   119 | D:1      | Reached XP level 2. HP: 16/16 MP: 3/5
   187 | D:1      | Identified a +0 dagger
   189 | D:1      | Identified a +0 short sword
   189 | D:1      | Identified a +0 short sword
   209 | D:1      | HP: 3/16 [frozen (5)]
   298 | D:1      | Identified a ring of flight
   301 | D:1      | Identified a +0 scale mail
   370 | D:1      | Identified a +0 dagger
   371 | D:1      | Identified a +0 club
   374 | D:1      | Reached skill level 1 in Fighting
   374 | D:1      | Reached XP level 3. HP: 20/20 MP: 3/6
   374 | D:1      | Identified a +0 whip
   375 | D:1      | Reached skill level 1 in Armour
   399 | D:1      | Identified a +0 short sword
   402 | D:1      | Identified a +2 whip of electrocution
   402 | D:1      | Identified a +0 ring mail
   403 | D:1      | Reached skill level 4 in Earth Magic
   578 | D:1      | Identified a +6 ring of strength
   756 | D:2      | Identified a +2 dagger of freezing
   764 | D:2      | Reached skill level 2 in Dodging
   820 | D:2      | Identified a +0 whip
   934 | D:2      | Reached XP level 4. HP: 25/25 MP: 5/7
   938 | D:2      | Learned a level 3 spell: Stone Arrow
   941 | D:2      | Learned a level 2 spell: Passwall
  1137 | D:2      | Identified a +0 whip
  1184 | D:2      | Identified a +0 dagger
  1225 | D:2      | Identified a +0 dagger
  1306 | D:2      | Reached skill level 3 in Stealth
  1333 | D:2      | Identified a +0 club
  1448 | D:2      | Reached skill level 1 in Conjurations
  1715 | D:3      | Identified a +0 ring mail
  1843 | D:3      | Identified a +0 club
  1851 | D:3      | Reached skill level 2 in Fighting
  1851 | D:3      | Reached skill level 2 in Armour
  1851 | D:3      | Reached XP level 5. HP: 30/30 MP: 3/8
  1973 | D:3      | Found Xepsung's Armour Shop.
  1982 | D:3      | Bought a +0 helmet for 45 gold pieces
  2109 | D:3      | Identified a +0 kite shield
  2135 | D:3      | Identified a +0 whip
  2135 | D:3      | Identified a +0 dagger
  2135 | D:3      | Identified a +0 dagger
  2135 | D:3      | Identified a +0 short sword
  2135 | D:3      | Identified a +0 dagger
  2136 | D:3      | Identified a +0 dagger
  2226 | D:3      | Identified a +0 club
  2300 | D:3      | Reached skill level 2 in Conjurations
  2300 | D:3      | Reached XP level 6. HP: 34/36 MP: 0/9
  2837 | D:3      | Reached skill level 5 in Earth Magic
  2884 | D:3      | Identified a +0 club
  2907 | D:3      | Identified a +0 quarterstaff
  2907 | D:3      | Identified a +0 sling
  2907 | D:3      | Identified a +0 robe
  2907 | D:3      | Identified an amulet of regeneration
  3020 | D:4      | Identified a +0 chain mail
  3052 | D:4      | Identified a +0 dagger
  3052 | D:4      | Identified a +1 robe of willpower
  3052 | D:4      | Noticed Dowan
  3053 | D:4      | Identified a +0 scythe
  3053 | D:4      | Identified a +2 robe of fire resistance
  3053 | D:4      | Noticed Sigmund
  3071 | D:4      | Killed Dowan
  3072 | D:4      | Reached skill level 3 in Fighting
  3072 | D:4      | Reached skill level 3 in Armour
  3166 | D:4      | Killed Sigmund
  3167 | D:4      | Reached skill level 3 in Conjurations
  3167 | D:4      | Reached XP level 7. HP: 31/41 MP: 1/10
  3260 | D:4      | Reached skill level 4 in Conjurations
  3260 | D:4      | Reached skill level 6 in Earth Magic
  3345 | D:4      | Identified a +0 club
  3346 | D:4      | Identified a +0 short sword
  3346 | D:4      | Identified a +0 scale mail
  3346 | D:4      | Noticed Duvessa
  3352 | D:4      | Killed Duvessa
  3436 | D:4      | Found Wacakkeh's Jewellery Boutique.
  3436 | D:4      | Identified a +0 short sword
  3459 | D:4      | Identified a +0 flail
  3520 | D:4      | Identified a +0 dagger
  3580 | D:4      | Identified 5 scrolls of identify
  3580 | D:4      | Identified a scroll of poison
  3581 | D:4      | Identified a scroll of brand weapon
  3582 | D:4      | Identified a scroll of silence
  3583 | D:4      | Identified 2 scrolls of fear
  3584 | D:4      | Identified a scroll of vulnerability
  3585 | D:4      | Identified 3 scrolls of teleportation
  3591 | D:4      | Identified a +0 short sword
  3591 | D:4      | Identified a +0 ring mail
  3592 | D:4      | Identified a +0 dagger
  3592 | D:4      | Identified a +0 animal skin
  3592 | D:4      | Identified a +0 helmet
  3592 | D:4      | Noticed Robin
  3592 | D:4      | Identified a +0 club
  3592 | D:4      | Identified a +0 dagger
  3592 | D:4      | Identified a +0 dagger
  3592 | D:4      | Identified a +0 sling
  3592 | D:4      | Identified a +0 dagger
  3592 | D:4      | Identified a +0 trident
  3592 | D:4      | Identified a +0 whip
  3592 | D:4      | Identified a +0 club
  3592 | D:4      | Identified a +0 dagger
  3601 | D:4      | Identified a +0 dagger
  3616 | D:4      | Identified a +0 dagger
  3642 | D:4      | Killed Robin
  3692 | D:4      | Identified a +0 club
  3692 | D:4      | Identified a +0 sling
  3704 | D:4      | Identified a +0 dagger
  3771 | D:4      | Learned a level 3 spell: Vampiric Draining
  3954 | D:4      | Identified a +0 short sword
  3954 | D:4      | Identified a +2 ring mail of poison resistance
  3955 | D:4      | Identified a +0 dagger
  3955 | D:4      | Identified a +0 club
  3955 | D:4      | Identified a +0 scale mail
  4226 | D:5      | Entered Level 5 of the Dungeon
  4234 | D:5      | Reached skill level 5 in Conjurations
  4234 | D:5      | Reached skill level 7 in Earth Magic
  4310 | D:5      | Identified a +0 pair of boots
  4367 | D:5      | Identified a +0 club
  4367 | D:5      | Identified a +0 chain mail
  4367 | D:5      | Identified a +0 dagger
  4367 | D:5      | Identified a +0 robe
  4367 | D:5      | Identified a +0 dagger
  4367 | D:5      | Identified a +0 club
  4367 | D:5      | Identified a +0 chain mail
  4368 | D:5      | Identified a +0 dagger
  4368 | D:5      | Identified a +0 ring mail
  4383 | D:5      | Reached XP level 8. HP: 42/46 MP: 5/11
  4384 | D:5      | Reached skill level 1 in Necromancy
  4443 | D:5      | Found the amulet of Elemental Vulnerability {rPois rF--
                  | rC-- AC+8}
  4494 | D:5      | Identified a +0 morningstar
  4826 | D:5      | Identified a +0 pair of boots
  4875 | D:5      | Found a bloodstained altar of Trog.
  4997 | D:5      | Identified a +0 giant spiked club
  5071 | D:5      | Identified a +0 flail of venom
  5071 | D:5      | Identified a +0 leather armour
  5071 | D:5      | Noticed Edmund
  5079 | D:5      | Killed Edmund
  5080 | D:5      | Reached skill level 2 in Necromancy
  5200 | D:5      | Identified a +0 giant club
  5204 | D:5      | Reached skill level 3 in Spellcasting
  5279 | D:5      | Identified a +1 mace of protection
  5516 | D:5      | Found a staircase to the Ecumenical Temple.
  5525 | Temple   | Entered the Ecumenical Temple
  5550 | Temple   | Became a worshipper of Vehumet
  5652 | D:6      | Reached skill level 6 in Conjurations
  5657 | D:6      | Identified a +2 leather armour of positive energy
  5743 | D:6      | Reached skill level 8 in Earth Magic
  5904 | D:6      | Identified a +0 short sword
  5905 | D:6      | Identified a +0 flail
  5907 | D:6      | Identified a +0 hand axe
  5907 | D:6      | Identified a +1 chain mail of poison resistance
  5907 | D:6      | Identified a +0 dagger
  6065 | D:6      | Reached XP level 9. HP: 50/50 MP: 7/14
  6135 | D:6      | Reached skill level 3 in Necromancy
  6153 | D:6      | Identified a +0 short sword
  6154 | D:6      | Identified a +0 club
  6154 | D:6      | Identified a +0 dagger
  6155 | D:6      | Identified a +0 shortbow
  6507 | D:6      | Found a white marble altar of Elyvilon.
  6530 | D:6      | Reached skill level 4 in Spellcasting
  6696 | D:6      | Identified a +0 robe
  6847 | D:6      | Found a runed translucent door.
  6848 | D:6      | Identified a +2 quarterstaff of chaos
  6848 | D:6      | Identified a +0 cloak
  6848 | D:6      | Noticed Crazy Yiuf
  6852 | D:6      | Killed Crazy Yiuf
  7020 | D:6      | Identified a +2 heavy flail
  7020 | D:6      | Identified a +2 robe of positive energy
  7020 | D:6      | Noticed Blork the orc
  7024 | D:6      | Killed Blork the orc
  7118 | D:7      | Identified a +0 club
  7120 | D:7      | Identified a +0 spear
  7120 | D:7      | Identified a +0 flail
  7190 | D:7      | Reached skill level 7 in Conjurations
  7197 | D:7      | Identified a +0 shortbow
  7199 | D:7      | HP: 11/50 [killer bee (4)]
  7203 | D:6      | Identified 3 potions of enlightenment
  7204 | D:6      | Identified 5 potions of curing
  7204 | D:6      | HP: 12/50 [killer bee (4)]
  7220 | D:6      | HP: 12/50 [killer bee (7)]
  7227 | D:6      | Reached skill level 9 in Earth Magic
  7334 | D:7      | Identified a +0 hand axe
  7334 | D:7      | Identified a +0 leather armour
  7448 | D:7      | Identified a +0 dagger
  7448 | D:7      | Identified a +0 robe
  7450 | D:7      | Identified a +0 flail
  7469 | D:7      | Reached skill level 4 in Necromancy
  7582 | D:7      | Identified a +0 flail
  7582 | D:7      | Identified a +0 chain mail
  7738 | D:7      | Identified a +0 ring mail
  7751 | D:7      | Identified a +0 robe
  7765 | D:7      | Reached skill level 5 in Spellcasting
  7872 | D:7      | Reached XP level 10. HP: 56/56 MP: 11/17
  7938 | D:7      | Reached skill level 8 in Conjurations
  8052 | D:7      | Reached * piety under Vehumet
  8052 | D:7      | Offered knowledge of Kiss of Death by Vehumet.
  8188 | D:7      | Identified a +0 broad axe
  8188 | D:7      | Identified a +0 leather armour
  8188 | D:7      | Identified a +0 buckler
  8188 | D:7      | Noticed a tengu warrior
  8196 | D:7      | Killed a tengu warrior
  8197 | D:7      | Reached skill level 5 in Necromancy
  8197 | D:7      | Reached skill level 10 in Earth Magic
  8207 | D:7      | Identified a +0 shortbow
  8227 | D:7      | Identified a +0 troll leather armour
  8231 | D:7      | Identified a +0 short sword
  8305 | D:7      | Identified a +0 troll leather armour
  8412 | D:7      | Identified 2 scrolls of enchant weapon
  8413 | D:7      | Identified 2 scrolls of blinking
  8414 | D:7      | Identified a scroll of noise
  8415 | D:7      | Identified a scroll of fog
  8416 | D:7      | Identified a scroll of amnesia
  8509 | D:7      | Identified a +0 dagger
  8509 | D:7      | Identified a +0 robe
  8515 | D:7      | Identified a +0 club
  8534 | D:7      | Reached skill level 9 in Conjurations
  8535 | D:7      | Identified a +0 spear
  8535 | D:7      | Identified a +0 scale mail
  8535 | D:7      | Identified a +0 buckler
  8571 | D:7      | Identified +0 acid dragon scales
  8601 | D:7      | Noticed a manticore
  8686 | D:7      | HP: 14/56 [manticore (1)]
  8687 | D:7      | Killed a manticore
  8942 | D:3      | Bought a +2 pair of boots of rampaging for 215 gold pieces
  9120 | D:7      | Identified a +0 dagger
  9122 | D:7      | Identified a +0 dagger
  9122 | D:7      | Identified a +0 robe
  9123 | D:7      | Identified a +0 hand axe
  9123 | D:7      | Identified a +0 plate armour
  9123 | D:7      | Identified a +0 club
  9123 | D:7      | Identified a +0 scale mail
  9123 | D:7      | Identified a +0 short sword
  9126 | D:7      | Reached skill level 11 in Earth Magic
  9527 | D:7      | Found a shimmering altar of Xom.
  9599 | D:7      | Found an iron altar of Okawaru.
  9605 | D:7      | Found a sacrificial altar of Ru.
  9673 | D:8      | Identified a +3 spear
  9673 | D:8      | Identified a +0 robe
  9674 | D:8      | Identified a +4 hand axe
  9674 | D:8      | Identified a +0 robe
  9754 | D:8      | Identified a +3 battleaxe
  9754 | D:8      | Identified a +0 robe
  9775 | D:8      | Reached skill level 6 in Necromancy
  9801 | D:8      | Reached skill level 1 in Shields
  9804 | D:8      | Reached skill level 1 in Maces & Flails
  9808 | D:8      | Reached XP level 11. HP: 46/60 MP: 3/18
  9951 | D:8      | Found a stormy altar of Qazlal.
  9951 | D:8      | You are sucked into a shaft and drop 1 floor!
 10002 | D:9      | Identified a +1 morningstar of flaming
 10002 | D:9      | Identified +0 swamp dragon scales
 10002 | D:9      | Noticed Maggie
 10006 | D:9      | Killed Maggie
 10007 | D:9      | Reached skill level 2 in Shields
 10011 | D:9      | Identified a +0 chain mail
 10053 | D:9      | Identified a +0 dagger
 10054 | D:9      | Identified a +0 whip
 10062 | D:9      | Identified a +0 short sword
 10079 | D:9      | Reached ** piety under Vehumet
 10081 | D:9      | Offered knowledge of Freeze by Vehumet.
 10082 | D:9      | Reached skill level 2 in Maces & Flails
 10141 | D:9      | Identified a +0 dire flail
 10141 | D:9      | Identified a +0 giant club
 10141 | D:9      | Noticed a two-headed ogre
 10145 | D:9      | Killed a two-headed ogre
 10146 | D:9      | Reached skill level 4 in Fighting
 10146 | D:9      | Reached skill level 4 in Armour
 10230 | D:9      | Identified a +0 club
 10231 | D:9      | Identified a +0 spear
 10232 | D:9      | Identified a +0 trident
 10232 | D:9      | Identified a +0 scale mail
 10232 | D:9      | Identified a +0 buckler
 10232 | D:9      | Identified a +0 whip
 10233 | D:9      | Identified a +0 club
 10233 | D:9      | Identified a +0 halberd
 10235 | D:9      | Identified a +0 trident
 10283 | D:9      | Identified a +0 war axe
 10283 | D:9      | Identified a +0 robe
 10283 | D:9      | Identified a +0 dire flail
 10283 | D:9      | Identified a +0 robe
 10284 | D:9      | Identified a +0 helmet
 10284 | D:9      | Identified a +0 scimitar
 10284 | D:9      | Identified a +0 robe
 10290 | D:9      | Identified a +0 dire flail
 10290 | D:9      | Identified a +0 robe
 10292 | D:9      | Identified a +0 morningstar
 10292 | D:9      | Identified a +0 scale mail
 10397 | D:9      | Identified a +0 hand axe
 10397 | D:9      | Identified a +0 scale mail
 10397 | D:9      | Noticed Harold
 10408 | D:9      | Killed Harold
 10648 | D:9      | Identified a potion of brilliance
 10849 | D:9      | Reached skill level 3 in Shields
 10961 | D:8      | Found a blossoming altar of Fedhas.
 10970 | D:8      | Found a runed translucent gate.
 10970 | D:8      | Found a runed translucent gate.
 10971 | D:8      | Found a runed translucent gate.
 10975 | D:8      | Noticed TittyCrusher's ghost (novice OpCj)
 10978 | D:8      | Identified a +0 club
 10978 | D:8      | Identified a +0 leather armour
 10979 | D:8      | Found a viscous altar of Jiyva.
 10980 | D:8      | Identified a +0 mace
 10981 | D:8      | Identified a +0 scimitar
 10981 | D:8      | Identified a +0 orcbow
 10981 | D:8      | Identified a +0 chain mail
 10981 | D:8      | Identified a +0 dagger
 10981 | D:8      | Identified a +0 robe
 10981 | D:8      | Identified a +0 flail
 11008 | D:8      | Identified a +0 great mace
 11017 | D:8      | Identified +0 steam dragon scales
 11324 | D:8      | Identified a +2 dagger of chaos
 11324 | D:8      | Identified a +2 robe of willpower
 11324 | D:8      | Noticed Psyche
 11336 | D:8      | Identified a +1 glaive
 11336 | D:8      | Identified a +2 animal skin
 11336 | D:8      | Noticed Grum
 11370 | D:8      | Reached skill level 3 in Maces & Flails
 11370 | D:8      | Killed Grum
 11379 | D:8      | HP: 13/62 [wolf[Grum] (3)]
 11383 | D:8      | Reached skill level 10 in Conjurations
 11549 | D:8      | Identified a ring of wizardry
 11655 | D:8      | Identified a +0 hand axe
 11655 | D:8      | Identified a +0 chain mail
 11655 | D:8      | Identified a +0 club
 11655 | D:8      | Identified a +0 leather armour
 11656 | D:8      | Identified a +0 dire flail
 11656 | D:8      | Identified a +0 plate armour
 11656 | D:8      | Identified a +0 dagger
 11656 | D:8      | Identified a +0 robe
 11656 | D:8      | Identified a +0 great sword
 11656 | D:8      | Identified a +0 robe
 11657 | D:8      | Identified a +0 morningstar
 11657 | D:8      | Identified a +0 robe
 11657 | D:8      | Identified a +0 club
 11658 | D:8      | Identified a +0 flail
 11658 | D:8      | Identified a +0 robe
 11671 | D:8      | Identified a +3 battleaxe
 11671 | D:8      | Identified a +0 robe
 11686 | D:8      | Offered knowledge of Static Discharge by Vehumet.
 11818 | D:8      | Found a staircase to the Lair.
 11838 | D:8      | Identified a +0 short sword
 11838 | D:8      | Identified a +0 leather armour
 11840 | D:8      | Identified a +0 mace
 11840 | D:8      | Identified a +0 giant club
 11840 | D:8      | Identified a +0 giant club
 11840 | D:8      | Noticed a two-headed ogre
 11841 | D:8      | Identified a +0 halberd
 11841 | D:8      | Identified a +0 plate armour
 11842 | D:8      | Identified a +0 hand axe
 11890 | D:8      | Killed a two-headed ogre
 11891 | D:8      | Reached skill level 5 in Fighting
 12023 | D:8      | Killed Psyche
 12066 | D:8      | Found Wojuwup's Hydra Hut.
 12077 | D:8      | Noticed a five-headed hydra
 12353 | D:8      | Identified a +0 robe
 12404 | D:8      | Identified a +0 hand axe
 12647 | D:10     | Entered Level 10 of the Dungeon
 12686 | D:10     | Found a portal to a secret trove of treasure.
 12691 | D:10     | Identified a scroll of enchant armour
 12692 | D:10     | Identified a potion of mutation
 12696 | D:10     | Identified a +0 orcbow
 12707 | D:10     | Reached skill level 5 in Armour
 12708 | D:10     | Reached skill level 4 in Shields
 12955 | D:10     | Identified a +0 dire flail of protection
 12960 | D:10     | Reached *** piety under Vehumet
 13079 | D:10     | Found a glowing silver altar of Zin.
 13110 | D:10     | Reached XP level 12. HP: 68/68 MP: 14/19
 13120 | D:10     | Reached skill level 12 in Earth Magic
 13134 | D:10     | Reached skill level 4 in Maces & Flails
 13277 | D:10     | Identified a +0 short sword
 13278 | D:10     | Identified a +0 whip
 13278 | D:10     | Identified a +0 dagger
 13278 | D:10     | Identified a +0 whip
 13279 | D:10     | Identified a +0 dagger
 13280 | D:10     | Identified a +0 dagger
 13280 | D:10     | Identified a +0 whip
 13294 | D:10     | Offered knowledge of Airstrike by Vehumet.
 13308 | D:10     | Identified 2 potions of might
 13449 | D:10     | Identified a +0 hand axe
 13449 | D:10     | Identified a +0 whip
 13450 | D:10     | Identified a +0 short sword
 13450 | D:10     | Identified a +0 chain mail
 13450 | D:10     | Identified a +0 war axe
 13450 | D:10     | Identified a +0 chain mail
 13538 | D:10     | Found a staircase to the Orcish Mines.
 13579 | D:10     | Reached **** piety under Vehumet
 13841 | D:11     | Identified a +0 orcbow
 13875 | D:11     | Identified a +1 dire flail of protection
 13875 | D:11     | Identified a +0 giant club
 13875 | D:11     | Noticed a two-headed ogre
 13892 | D:11     | Killed a two-headed ogre
 13975 | D:11     | Identified a +0 shortbow
 13983 | D:11     | Reached skill level 7 in Necromancy
 13986 | D:11     | Identified a +0 dagger
 13989 | D:11     | Identified a +0 short sword of draining
 13989 | D:11     | Identified a +0 dagger
 14010 | D:11     | Identified a +0 great mace
 14103 | D:11     | Identified a potion of attraction
 14108 | D:11     | Identified a ring of ice
 14132 | D:11     | Identified a +0 glaive
 14133 | D:11     | Identified a +0 dire flail
 14133 | D:11     | Identified a +0 trident
 14160 | D:11     | HP: 17/69 [skeletal warrior/+0 glaive (19)]
 14187 | D:11     | HP: 8/69 [skeletal warrior/+0 glaive (23)]
 14187 | D:11     | Slain by a skeletal warrior

Table legend: (Time is in decaauts)
 A = Elapsed time spent in this place.
 B = Non-inter-level travel time spent in this place.
 C = Inter-level travel time spent in this place.
 D = Time resting spent in this place.
 E = Time spent auto-exploring this place.
 F = Levels seen in this place.
 G = Mean time per level.
                   A        B        C        D        E       F      G
               +--------+--------+--------+--------+--------+-----+--------+
         Total |  14382 |  13708 |    674 |   4184 |   6781 |  12 | 1198.5 |
       Dungeon |  14347 |  13682 |    665 |   4184 |   6763 |  11 | 1304.3 |
        Temple |     34 |     25 |      9 |      0 |     18 |   1 |   34.0 |
               +--------+--------+--------+--------+--------+-----+--------+

Top non-repeatable levels by time:
     D:7: 2132 daAuts
     D:8: 2005 daAuts
     D:6: 1818 daAuts
     D:3: 1460 daAuts
     D:5: 1383 daAuts
     D:4: 1256 daAuts
    D:10: 1142 daAuts
     D:9: 1074 daAuts
     D:2: 941 daAuts
     D:1: 776 daAuts
    D:11: 356 daAuts
  Temple: 34 daAuts

Table legend:
 A = Kills in this place as a percentage of kills in the entire game.
 B = Kills by you in this place as a percentage of kills by you in the entire game.
 C = Kills by friends in this place as a percentage of kills by friends in the entire game.
 D = Other kills in this place as a percentage of other kills in the entire game.
 E = Experience gained in this place as a percentage of experience gained in the entire game.
 F = Experience gained in this place divided by the number of levels of this place that you have seen.
                   A       B       C       D       E      F
               +-------+-------+-------+-------+-------+----------------------
         Total | 100.0 | 100.0 |   N/A |   N/A | 100.0 | 1842.8
       Dungeon | 100.0 | 100.0 |   N/A |   N/A | 100.0 | 2010.4
               +-------+-------+-------+-------+-------+----------------------

Skill      XL: |  1  2  3  4  5  6  7  8  9 10 11 12 |
---------------+-------------------------------------+-----
Transmutations | 1 |  1.0
Fighting       | 1 2 3 5 |  5.8
Armour         | 1 2 3 5 |  5.6
Earth Magic    | 4 5 7 8 9 11 12 | 12.1
Dodging        | 2 |  2.0
Stealth        | 3 |  3.0
Conjurations   | 1 2 3 5 6 7 9 10 | 10.5
Necromancy     | 2 4 6 7 |  7.0
Spellcasting   | 3 5 |  5.0
Shields        | 1 4 |  4.7
Maces & Flails | 1 3 4 |  4.5

Action                     |  1- 3 |  4- 6 |  7- 9 | 10-12 || total
---------------------------+-------+-------+-------+-------++-------
  Melee: Unarmed           |     2 |       |       |       ||     2
         Short sword       |     1 |       |       |       ||     1
         Mace              |    21 |       |       |       ||    21
         Whip              |    12 |    35 |   134 |   428 ||   609
         Flail             |       |       |    34 |    56 ||    90
   Cast: Sandblast         |    41 |    93 |    69 |    65 ||   268
         Stone Arrow       |       |       |    67 |   173 ||   240
  Evoke: Wand              |       |       |     1 |     3 ||     4
    Use: Scroll            |       |       |     6 |    10 ||    16
         Potion            |       |       |     3 |       ||     3
   Stab: Sleeping          |     1 |     1 |     1 |     1 ||     4
         Distracted        |       |       |       |     1 ||     1
 Armour: Robe              |    26 |    38 |    96 |       ||   160
         Ring mail         |       |       |    10 |       ||    10
         Leather armour    |       |       |    88 |    23 ||   111
         Troll leather arm |       |       |       |   332 ||   332
  Dodge: Dodged            |    36 |    65 |   215 |   408 ||   724
  Block: Buckler           |       |       |       |   105 ||   105
         Kite shield       |       |       |       |    12 ||    12

Vanquished Creatures
  Harold (D:9)
  3 two-headed ogres
  A tengu warrior (D:7)
  A skeletal warrior (D:11)
  A manticore (D:7)
  A gargoyle (D:10)
  Maggie (D:9)
  Psyche (D:8)
  2 trolls (D:7)
  Sigmund (D:4)
  12 yaks
  2 shadows
  5 wyverns
  A wraith (D:9)
  2 steam dragons
  Grum (D:8)
  An acid dragon (D:7)
  2 water moccasins
  Edmund (D:5)
  Duvessa (D:4)
  5 orc warriors
  3 ice beasts
  A black bear (D:6)
  A sky beast (D:7)
  4 wolves (D:8)
  6 centaurs
  2 ogres (D:5)
  3 kobold brigands
  5 phantoms
  Blork the orc (D:6)
  2 gnoll sergeants
  4 scorpions
  4 bullfrogs
  12 wights
  Dowan (D:4)
  A troll zombie (D:10)
  24 killer bees
  2 howler monkeys
  6 hounds
  7 jellies
  5 orc priests
  5 iguanas
  Crazy Yiuf (D:6)
  4 sleepcaps
  6 orc wizards
  6 ogre zombies (D:10)
  Robin (D:4)
  8 gnolls
  11 adders
  A shadow imp (D:5)
  A worm (D:2)
  3 dart slugs
  34 orcs
  7 bats
  18 endoplasms
  3 giant cockroaches
  22 goblins
  7 hobgoblins
  6 jackals
  3 quokkas
  6 ball pythons
  3 frilled lizards
  2 goblin skeletons (D:10)
  2 goblin zombies (D:10)
  2 hobgoblin skeletons (D:10)
  4 hobgoblin zombies (D:10)
  26 kobolds
  4 orc skeletons (D:10)
  11 orc zombies (D:10)
  6 rats
353 creatures vanquished.
